 Dungeon Crawl Stone Soup version 0.20.0-14-g326068f (webtiles) character file.

162 Deathclocker the Slasher (level 5, -3/46 HPs)
             Began as a Minotaur Fighter on June 8, 2017.
             Slain by Oki's ghost (16 damage)
             ... on level 4 of the Dungeon.
             The game lasted 00:02:54 (2656 turns).

Deathclocker the Slasher (Minotaur Fighter)         Turns: 2656, Time: 00:02:56

Health: -3/46      AC:  7    Str: 26    XL:     5   Next: 19%
Magic:  4/4        EV: 11    Int:  5    God:
Gold:   152        SH: 10    Dex: 10    Spells: 4/4 levels left

rFire    . . .     SeeInvis .   a - +0 long sword
rCold    . . .     Gourm    .   c - +0 shield
rNeg     . . .     Faith    .   b - +0 scale mail
rPois    .         Spirit   .   (helmet restricted)
rElec    .         Reflect  .   (no cloak)
rCorr    .         Harm     .   (no gloves)
MR       .....                  (no boots)
Stlth    ..........             (no amulet)
Regen    0.2/turn               g - +3 ring of evasion
MPRegen  0.1/turn               (no ring)

@: mighty
A: retaliatory headbutt, horns 2
a: no special abilities


You were on level 4 of the Dungeon.
You were hungry.

You visited 1 branch of the dungeon, and saw 4 of its levels.

You collected 152 gold pieces.

Inventory:

Hand Weapons
 a - a +0 long sword (weapon)
Armour
 b - a +0 scale mail (worn)
 c - a +0 shield (worn)
Jewellery
 g - a +3 ring of evasion (left hand)
 v - an uncursed ring of flight {unknown}
Scrolls
 e - 2 scrolls of remove curse
 h - 3 scrolls of identify {unknown}
 i - 2 scrolls of fog {unknown}
 k - 2 scrolls of blinking {unknown}
 q - 4 scrolls of teleportation {unknown}
 x - a scroll of immolation {unknown}
Potions
 j - a potion of magic {unknown}
 l - a potion of cancellation {unknown}
 n - a potion of heal wounds {unknown}
 o - a potion of mutation {unknown}
 p - 2 potions of curing {unknown}
 r - a potion of ambrosia {unknown}
 s - a potion of degeneration {unknown}
 u - a potion of lignification {unknown}
 w - a potion of flight {unknown}
 z - a potion of brilliance {unknown}
Comestibles
 f - 4 bread rations
 m - 2 royal jellies
 t - 4 meat rations


   Skills:
 + Level 4.1 Fighting
 * Level 4.9 Long Blades
 + Level 4.6 Armour
 + Level 0.4 Dodging
 + Level 4.3 Shields


You had 4 spell levels left.
You didn't know any spells.

Dungeon Overview and Level Annotations

Branches:
Dungeon (4/15)
 Temple: D:4-7

Altars:
Cheibriados

Annotations:
D:4 Oki's ghost, novice TrFi


Innate Abilities, Weirdness & Mutations

You reflexively headbutt those who attack you in melee.
You have a pair of horns on your head.


Message History

You slash Oki's ghost!
Oki's ghost is severely damaged.
The hound bites you. Oki's ghost closely misses you.
You block the hound's attack.
The howler monkey hits you but does no damage.
Oki's ghost hits you but does no damage.
You hit Oki's ghost.
Oki's ghost is almost destroyed.
You block the hound's attack. You block the howler monkey's attack.
You block the centaur skeleton's attack.
The hound pauses to sniff the ground.
The hound bites you but does no damage. Oki's ghost closely misses you.
You closely miss Oki's ghost. You headbutt Oki's ghost!
Oki's ghost is almost destroyed.
The howler monkey hits you but does no damage.
The centaur skeleton hits you but does no damage.
The hound bites you.
* * * LOW HITPOINT WARNING * * *
Oki's ghost hits you!
You die...

^.............
........?....#..
.................
.................
..................
.....%...........#
......Z.h........#
......W@h........#
............#....#
............#....##
............##....#
............##....#
....................#
.....................#
...........#######....#
#.... #.........>.#
###...


You could see a howler monkey, a hound, Oki's ghost and a centaur skeleton.

Vanquished Creatures
  The ghost of abstractHop the Skirmisher, a weakling DsFi (D:3)
  Jessica (D:2)
  Robin (D:2)
  2 adders (D:2)
  2 oozes
  A worm (D:2)
  A dart slug (D:3)
  A leopard gecko (D:1)
  An orc (D:4)
  A giant cockroach (D:1)
  12 goblins
  9 hobgoblins
  A quokka (D:2)
  A ball python (D:2)
  5 bats (D:1)
  8 kobolds
  3 rats
51 creatures vanquished.

Notes
Turn   | Place    | Note
-------+----------+-------------------------------------------
     0 | D:1      | Deathclocker the Minotaur Fighter began the quest for the Orb.
     0 | D:1      | Reached XP level 1. HP: 19/19 MP: 0/0
   227 | D:1      | Reached XP level 2. HP: 27/27 MP: 1/1
  1003 | D:2      | Noticed Robin
  1021 | D:2      | Killed Robin
  1021 | D:2      | Reached XP level 3. HP: 20/33 MP: 2/2
  1036 | D:2      | Noticed Jessica
  1041 | D:2      | Killed Jessica
  1265 | D:2      | Reached XP level 4. HP: 36/40 MP: 3/3
  2176 | D:3      | Found a snail-covered altar of Cheibriados.
  2263 | D:3      | Noticed abstractHop's ghost (weakling DsFi)
  2272 | D:3      | Killed abstractHop's ghost
  2272 | D:3      | Reached XP level 5. HP: 38/46 MP: 4/4
  2647 | D:4      | Noticed Oki's ghost (novice TrFi)
  2656 | D:4      | Slain by Oki's ghost

Skill      XL: |  1  2  3  4 |
---------------+-------------+-----
Long Blades    | 3 4 |  4.9
Armour         | 4 |  4.6
Shields        | 4 |  4.3
Fighting       | 4 |  4.1
Dodging        | |  0.4

Action                   |  1- 3 |  4- 6 || total
-------------------------+-------+-------++-------
Melee: Long sword        |    88 |    51 ||   139
       Headbutt          |     9 |    12 ||    21
  Use: Scroll            |       |     1 ||     1
       Potion            |       |     1 ||     1
  Eat: Chunk             |     1 |     4 ||     5
Armor: Scale mail        |    41 |    15 ||    56
Dodge: Dodged            |    32 |    19 ||    51
Block: Shield            |    50 |    21 ||    71
       Rpst.: Long sword |     7 |     1 ||     8
